 Dungeon Crawl Stone Soup version 0.29-a0-334-gb41bcbb86e (webtiles) character file.

Game seed: 9029315909753840515

21 Antichthon the Grasshopper (level 2, -3/26 HPs)
             Began as a Naga Warper on Apr 14, 2022.
             Slain by a quokka (4 damage)
             ... on level 1 of the Dungeon.
             The game lasted 00:01:22 (1069 turns).

Antichthon the Grasshopper (Naga Warper)            Turns: 1069, Time: 00:01:23

Health: -3/26      AC:  2    Str: 13    XL:     2   Next: 87%
Magic:  5/5        EV:  9    Int: 13    God:
Gold:   66         SH:  0    Dex: 10    Spells: 5/5 levels left

rFire   . . .      SeeInvis +   a - +0 hand axe
rCold   . . .      Faith    .   (no shield)
rNeg    . . .      Spirit   .   b - +0 leather armour
rPois   +          Reflect  .   (no helmet)
rElec   .          Harm     .   (no cloak)
rCorr   .          Rampage  .   (no gloves)
Will    .....                   (no barding)
Stlth   +.........              (no amulet)
HPRegen 0.08/turn               (no ring)
MPRegen 0.09/turn               (no ring)

@: short of breath, very slow
A: AC +0, large, see invisible, deformed body, poison resistance, slowness 2,
spit poison 1, naga tail 1
a: Spit Poison


You were on level 1 of the Dungeon.
You visited 1 branch of the dungeon, and saw 1 of its levels.

You collected 66 gold pieces.

Inventory:

Hand Weapons
 a - a +0 hand axe (weapon)
Missiles
 d - 7 boomerangs of dispersal (quivered)
Armour
 b - a +0 leather armour (worn)
Scrolls
 c - 2 scrolls of blinking
 g - a scroll of identify {unknown}
 h - a scroll of summoning {unknown}
Potions
 e - a potion of flight {unknown}
 f - a potion of curing {unknown}


   Skills:
 * Level 2.1 Fighting
 * Level 2.0 Axes
 - Level 0.8 Throwing
 * Level 0.8 Armour
 * Level 1.6 Dodging
 * Level 1.2 Stealth
 * Level 0.5 Shields
 * Level 2.0 Spellcasting
 * Level 3.2 Translocations
 * Level 0.2 Transmutations
 * Level 0.5 Earth Magic
 * Level 0.3 Invocations


You had 5 spell levels left.
You didn't know any spells.
Your spell library contained the following spells:

 Spells                   Type           Power      Damage    Failure   Level
 Blink                    Tloc           18%        N/A       13%         2
 Gell's Gravitas          Tloc           9%         N/A       26%         3
 Lesser Beckoning         Tloc           9%         N/A       26%         3
 Teleport Other           Tloc           9%         N/A       26%         3
 Manifold Assault         Tloc           9%         N/A       94%         5


Dungeon Overview and Level Annotations

Branches:
Dungeon (1/15)

Altars:


Innate Abilities, Weirdness & Mutations

Your serpentine skin is tough. (AC +0)
You have supernaturally acute eyesight. (SInv)
Armour fits poorly on your strangely shaped body.
Your system is resistant to poisons. (rPois)
You cover ground very slowly.
You can spit poison.
You have a snake-like lower body.


Message History

The endoplasm is heavily wounded.
The endoplasm hits you but does no damage.
You hit the endoplasm but do no damage.
The endoplasm is heavily wounded.
The endoplasm freezes you.
You are frozen.
The endoplasm hits you.
Aiming: Spit Poison (2% risk of failure)
Press: ? - help, Shift-Dir - straight line, f - endoplasm
Aim: an endoplasm (heavily wounded, 97% to hit)
The splash of poison hits the endoplasm but does no damage.
The endoplasm is heavily wounded.
The endoplasm barely misses you.
Unknown command.
You hit the endoplasm.
You kill the endoplasm!
Your Stealth skill increases to level 1!
You miss the quokka. The quokka bites you. x2
* * * LOW HITPOINT WARNING * * *
You miss the quokka. The quokka completely misses you.
Unknown command.
Okay, then.
You completely miss the quokka.
The quokka bites you but does no damage.
The quokka barely misses you.
You closely miss the quokka.
You have got your breath back.
The quokka bites you.
* * * LOW HITPOINT WARNING * * *
Aiming: Spit Poison (2% risk of failure)
Press: ? - help, Shift-Dir - straight line, f - quokka
Aim: a quokka (45% to hit)
The splash of poison misses the quokka.
The quokka closely misses you.
You closely miss the quokka. The quokka barely misses you. x2
You completely miss the quokka. The quokka misses you.
You closely miss the quokka.
The quokka bites you but does no damage.
The quokka bites you.
* * * LOW HITPOINT WARNING * * *
You closely miss the quokka. The quokka bites you.
You die...

.........######
>.##.#.).........#
..##.#..########.#
........# #.#
..##.##.# #.#
..##.##.# #.#
........########.#
.###(.........##r#
.# ##########.##@#
## #.##.# #.##.#
##.##.# ###.....#
#...#.### #.#.#.#
##########+###+##
........#≈.≈≈≈.§#


You could see a quokka.

Vanquished Creatures
  A dart slug (D:1)
  A ball python (D:1)
  3 bats (D:1)
  An endoplasm (D:1)
  A giant cockroach (D:1)
  A goblin (D:1)
  2 hobgoblins (D:1)
  A quokka (D:1)
  3 frilled lizards (D:1)
  3 kobolds (D:1)
  A rat (D:1)
18 creatures vanquished.

Notes
Turn   | Place    | Note
-------+----------+-------------------------------------------
     0 | D:1      | Antichthon the Naga Warper began the quest for the Orb.
     0 | D:1      | Reached XP level 1. HP: 19/19 MP: 3/3
   363 | D:1      | Reached XP level 2. HP: 22/26 MP: 5/5
  1061 | D:1      | Reached skill level 1 in Stealth
  1068 | D:1      | HP: 1/26 [quokka (1)]
  1069 | D:1      | Slain by a quokka

Illustrated notes

Levels and vault maps discovered:
D:1:      ncdulo_lavacross, layout_loops_ring

Skill      XL: |  1  2 |
---------------+-------+-----
Stealth        | 1 |  1.2
Fighting       | |  2.1
Axes           | |  2.0
Throwing       | |  0.8
Armour         | |  0.8
Dodging        | |  1.6
Shields        | |  0.5
Spellcasting   | |  2.0
Translocations | |  3.2
Transmutations | |  0.2
Earth Magic    | |  0.5
Invocations    | |  0.3

Action                   || total
-------------------------++-------
Melee: Hand axe          ||    60
 Abil: Spit Poison       ||     8
Armor: Leather armour    ||    17
Dodge: Dodged            ||    50

Table legend: (Time is in decaauts)
 A = Elapsed time spent in this place.
 B = Non-inter-level travel time spent in this place.
 C = Inter-level travel time spent in this place.
 D = Time resting spent in this place.
 E = Time spent auto-exploring this place.
 F = Levels seen in this place.
 G = Mean time per level.
                   A        B        C        D        E       F      G
               +--------+--------+--------+--------+--------+-----+--------+
         Total |   1252 |   1252 |      0 |      0 |   1057 |   1 | 1252.0 |
       Dungeon |   1252 |   1252 |      0 |      0 |   1057 |   1 | 1252.0 |
               +--------+--------+--------+--------+--------+-----+--------+

Top non-repeatable levels by time:
     D:1: 1252 daAuts
